 Dungeon Crawl Stone Soup version 0.25.0-8-gfd19cd77bd (webtiles) character file.

Game seed: 6240352836689714391

145287 Bapho the Severer (level 16, -2/144 HPs)
             Began as a Minotaur Berserker on June 16, 2020.
             Was the Champion of Trog.
             Shot with an arrow by a naga sharpshooter (15 damage)
             ... led by Vashnia
             ... on level 2 of the Snake Pit.
             The game lasted 01:16:30 (32850 turns).

Bapho the Severer (Minotaur Berserker)             Turns: 32850, Time: 01:16:30

Health: -2/144     AC: 29    Str: 33    XL:     16   Next: 87%
Magic:  15/15      EV: 16    Int:  4    God:    Trog [******]
Gold:   2654       SH:  5    Dex: 12    Spells: 15/15 levels left

rFire    + . .     SeeInvis .   a - +4 battleaxe (flame)
rCold    + + .     Gourm    .   (shield currently unavailable)
rNeg     + + +     Faith    .   I - +1 crystal plate armour
rPois    .         Spirit   .   p - +1 hat
rElec    +         Reflect  +   w - +0 cloak
rCorr    .         Harm     .   n - +2 pair of gloves
MR       .....                  (no boots)
Stlth    ..........             P - amulet "Meacucy" {Reflect rC++ rN++ SH+5 Stlth-}
HPRegen  0.34/turn              r - ring of Ozunn {rElec rF+ rN+++ MR- Str+6}
MPRegen  0.14/turn              N - +4 ring of evasion

@: lethally poisoned (-2 -> -13), berserk cooldown, slowed, very slow
A: retaliatory headbutt, horns 2
a: Berserk, Trog's Hand, Brothers in Arms, Renounce Religion


You were on level 2 of the Snake Pit.
You worshipped Trog.
Trog was exalted by your worship.
You were very hungry.

You visited 4 branches of the dungeon, and saw 25 of its levels.
You also visited: Sewer, Gauntlet and Ice Cave.

You collected 2928 gold pieces.
You spent 274 gold pieces at shops.

Inventory:

Hand Weapons
 a - a +4 battleaxe of flaming (weapon)
 b - a +0 arbalest of electrocution
 G - the +10 battleaxe of Execution {vorpal, +Fly rPois rC+++ Int-4}
   (Trog gifted it to you on level 2 of the Snake Pit)

   It inflicts extra damage upon your enemies.
   It affects your intelligence (-4).
   It renders you almost immune to cold.
   It protects you from poison.
   It lets you fly.
Missiles
 k - 556 stones (quivered)
Armour
 n - a +2 pair of gloves (worn)
 p - a +1 hat (worn)
 v - quicksilver dragon scales
 w - a +0 cloak (worn)
 I - a +1 crystal plate armour (worn)
Jewellery
 r - the ring of Ozunn (left hand) {rElec rF+ rN+++ MR- Str+6}
   (You acquired it on level 6 of the Lair of Beasts)

   [ring of strength]

   It affects your strength (+6).
   It protects you from fire.
   It insulates you from electricity.
   It renders you almost immune to negative energy.
   It affects your resistance to hostile enchantments.
 E - an uncursed ring of flight
 H - an uncursed ring of see invisible
 N - a +4 ring of evasion (right hand)
 P - the amulet "Meacucy" (around neck) {Reflect rC++ rN++ SH+5 Stlth-}
   (You acquired it on level 6 of the Lair of Beasts)

   [amulet of reflection]

   It shields you and reflects attacks.
   It greatly protects you from cold.
   It greatly protects you from negative energy.
   It affects your SH (+5).
   It makes you less stealthy.
 T - an uncursed ring of protection from fire
 V - a +6 ring of dexterity
Wands
 m - a wand of clouds (10)
 t - a wand of polymorph (27)
 x - a wand of paralysis (9)
 B - a wand of acid (23)
 D - a wand of flame (39)
 F - a wand of enslavement (17)
 M - a wand of digging (7)
 R - a wand of disintegration (37)
 X - a wand of iceblast (17)
Scrolls
 d - 3 scrolls of brand weapon
 e - 5 scrolls of magic mapping
 h - 5 scrolls of fear
 j - 6 scrolls of fog
 l - 15 scrolls of remove curse
 o - 10 scrolls of teleportation
 q - 5 scrolls of enchant armour
 y - 4 scrolls of enchant weapon
 A - 6 scrolls of blinking
 L - 5 scrolls of immolation
 Q - 3 scrolls of summoning
 U - 4 scrolls of identify
Potions
 f - 3 potions of invisibility
 g - 6 potions of mutation
 i - 4 potions of stabbing
 s - 2 potions of brilliance
 u - 3 potions of curing
 z - 4 potions of heal wounds
 C - 2 potions of ambrosia
 J - 2 potions of flight
 S - a potion of might
 W - 4 potions of haste
 Z - a potion of resistance
Comestibles
 c - 36 rations


   Skills:
 + Level 13.3 Fighting
 + Level 19.8 Axes
 - Level 18.0 Crossbows
 + Level 13.0 Armour
 + Level 12.0 Dodging


You had 15 spell levels left.
You didn't know any spells.
Your spell library contained the following spells:

 Spells                   Type           Power        Failure   Level  Hunger
 Animate Skeleton         Necr           N/A          100%        1    ##.....
 Foxfire                  Conj/Fire      #...         100%        1    ##.....
 Magic Dart               Conj           #...         100%        1    ##.....
 Pain                     Necr           #...         100%        1    ##.....
 Shock                    Conj/Air       #...         100%        1    ##.....
 Passwall                 Tmut/Erth      #.......     100%        2    ###....
 Poisonous Vapours        Pois/Air       #.....       100%        2    ###....
 Searing Ray              Conj           #.....       100%        2    ###....
 Sticks to Snakes         Tmut           #.......     100%        2    ###....
 Swiftness                Chrm/Air       #.......     100%        2    ###....
 Conjure Flame            Conj/Fire      #.......     100%        3    ####...
 Dazzling Flash           Conj/Hex       #.....       100%        3    ####...
 Inner Flame              Hex/Fire       #.......     100%        3    ####...
 Mephitic Cloud           Conj/Pois/Air  #.......     100%        3    ####...
 Static Discharge         Conj/Air       #.......     100%        3    ####...
 Vampiric Draining        Necr           #.........   100%        3    ####...
 Airstrike                Air            #.........   100%        4    #####..
 Animate Dead             Necr           N/A          100%        4    #####..
 Fulminant Prism          Conj/Hex       #.........   100%        4    #####..
 Iskenderun's Mystic Bla  Conj/Tloc      #.......     100%        4    #####..
 Passage of Golubria      Tloc           N/A          100%        4    #####..
 Sticky Flame             Conj/Fire      #.......     100%        4    #####..
 Agony                    Necr           #.......     100%        5    ######.
 Fireball                 Conj/Fire      #.........   100%        5    ######.
 Lee's Rapid Deconstruct  Erth           #.........   100%        5    ######.
 Lightning Bolt           Conj/Air       #.........   100%        5    ######.
 Yara's Violent Unravell  Hex/Tmut       #.........   100%        5    ######.
 Darkness                 Hex            #.........   100%        6    #######
 Eringya's Noxious Bog    Tmut/Pois      #.........   100%        6    #######
 Freezing Cloud           Conj/Ice/Air   #.........   100%        6    #######
 Invisibility             Hex            #.......     100%        6    #######
 Statue Form              Tmut/Erth      #........    100%        6    #######
 Ring of Flames           Chrm/Fire      #.........   100%        7    #######


Dungeon Overview and Level Annotations

Branches:
Dungeon (15/15)            Temple (0/1) D:6            Lair (6/6) D:11
  Swamp (0/4) Lair:2        Snake (2/4) Lair:3        Slime (0/5) Lair:5
    Orc (2/2) D:12            Elf (0/3) Orc:2        Vaults (0/5) D:14
 Depths (0/5) D:15          Sewer (visited)           IceCv (visited)
Gauntlet (visited)

Altars:
Dithmenos
Elyvilon
Kikubaaqudgha
Nemelex Xobeh
Vehumet
Beogh

Shops:
D:6 %   D:11 *   D:12 ?   D:14 }   Orc:2 !}[}   Snake:1 [

Annotations:
D:9 1 runed translucent door, Aggronaut's ghost, journeyman HOBe
Snake:2 Vashnia
Orc:2 1 runed translucent door, waddelsworth's ghost, adept MiBe


Innate Abilities, Weirdness & Mutations

You reflexively headbutt those who attack you in melee.
You have a pair of horns on your head.


Message History

The naga sharpshooter shoots an arrow.
You reflect the arrow off an invisible shield around you!
The arrow hits the naga sharpshooter!!
The naga sharpshooter shoots a bolt.
The bolt closely misses you.
You barely miss the naga sharpshooter.
Your headbutt misses the naga sharpshooter.
The naga sharpshooter is heavily wounded.
You feel sick.
Vashnia shoots a bolt.
The bolt hits you!
* * * LOW HITPOINT WARNING * * *
Unknown command.
You open the naga sharpshooter like a pillowcase!!!
You burn the naga sharpshooter!
You kill the naga sharpshooter!
Trog accepts your kill.
Trog appreciates your killing of a magic user.
You are no longer berserk.
You are exhausted.
You feel yourself slow down.
You feel sick.
The naga sharpshooter shoots an arrow.
The arrow hits you!
You die...

##..#..............#
#......N.....###.....(.#
##.#.# #...#...#.....(...
.....##...###.#.#..(....
#...#.#...##((()..(...(.
#...#.#..)(()###.##.#.##
#^⌠.#.#...)..)...#..#.# #
#..[#.#.(...N......##.#
#.#..)#)#@..>.......)##.#
#...((##)#....N##...# .#
###(###.....##..###..
#######.....#######..... #.#
##.⌠.##.#####.##.⌠.##....
#.....#.......#.....# ...
#⌠.<..'...⌠)..'..<.⌠# .###
#.....#.......#..)..##...###N
##.⌠.##.#####.##.⌠.##..#(....


You could see Vashnia, a naga sharpshooter and a naga mage.

Vanquished Creatures
  Jorgrun (Orc:2)
  Kirke (D:13)
  Roxanne (Snake:1)
  A nagaraja (Snake:2)
  2 frost giants
  A minotaur (Gauntlet)
  A dire elephant (Lair:5)
  Snorg (Lair:4)
  The ghost of DungeonDestroyer the Blocker, a journeyman GnFi of Ashenzari (D:11)
  An ettin (Orc:2)
  Erolcha (Orc:2)
  2 naga warriors
  6 hydras
  Harold (D:8)
  A hell beast (Gauntlet)
  4 vault guards
  2 centaur warriors (D:14)
  5 anacondas
  6 two-headed ogres
  4 death yaks
  Urug (Orc:1)
  2 tengu warriors (D:14)
  A shock serpent (Snake:1)
  8 naga sharpshooters (Snake:2)
  Nergalle (Orc:2)
  Sonja (Lair:5)
  2 salamander mystics
  4 skeletal warriors (D:15)
  Pikel (D:7)
  3 naga ritualists
  2 necromancers
  2 orc knights
  5 mana vipers
  5 deep elf magi
  11 orc sorcerers
  21 ugly things
  2 manticores
  4 salamanders
  2 cyclopes
  7 centaur zombies
  34 elephants
  10 naga magi
  An ice statue (IceCv)
  17 black mambas
  A guardian serpent (Snake:1)
  5 centaur skeletons
  9 spiny frogs
  Maggie (D:6)
  A redback zombie (D:15)
  A komodo dragon (shapeshifter) (D:15)
  4 rime drakes
  6 komodo dragons
  6 hornets
  27 polar bears
  4 trolls
  2 harpy zombies (D:15)
  6 slime creatures (D:12)
  A harpy skeleton (D:15)
  17 blink frogs
  3 bog bodies (Lair:2)
  12 hippogriffs
  2 dream sheep
  A shadow (D:11)
  2 wyverns
  A vampire (D:14)
  13 spriggans
  7 wraiths
  54 yaks
  A neqoxec (Gauntlet)
  A basilisk (Lair:4)
  A hungry ghost (D:11)
  2 hogs (D:13)
  A chaos spawn (Gauntlet)
  A warg (Orc:2)
  8 vampire mosquitoes
  A steam dragon (D:15)
  4 acid dragons
  A soldier ant (D:13)
  3 swamp worms
  11 nagas
  9 porcupines
  11 water moccasins
  5 ice beasts
  19 orc warriors
  2 phantoms
  3 sky beasts
  3 black bears
  3 eyes of draining
  A slave (D:7)
  5 boggarts (Lair:6)
  13 ogres
  29 wolves
  12 centaurs
  9 crocodiles
  12 bullfrogs
  A hornet simulacrum (D:15)
  3 scorpions
  3 killer bees (D:8)
  An electric eel (Lair:2)
  6 crimson imps
  5 bullfrog zombies
  5 quasits
  12 jellies
  4 hounds
  43 orc wizards
  11 orc priests
  5 iguanas
  5 worker ants
  A hell rat (D:11)
  A killer bee zombie (D:10)
  3 polar bear simulacra (Lair:2)
  4 yak simulacra (Lair:2)
  A wolf simulacrum (Lair:2)
  3 hound zombies
  A howler monkey zombie (D:5)
  2 worker ant zombies
  4 gnolls (D:3)
  13 adders
  A howler monkey skeleton (D:6)
  3 river rats (D:11)
  5 shadow imps
  6 oozes
  9 worms
  A dart slug (D:1)
  9 leopard geckos
  102 orcs
  9 giant cockroaches
  4 hobgoblins
  15 jackals
  8 kobolds
  7 quokkas
  3 ball pythons
  17 bats
  8 frilled lizards
  9 goblins
  A jackal zombie (D:8)
  A leopard gecko zombie (D:6)
  11 rats
  3 river rat simulacra (Lair:2)
  A bush (Lair:6)
  4 fungi
  11 plants
932 creatures vanquished.

Vanquished Creatures (others)
  An unseen horror (D:14)
  A naga (Snake:1)
  2 orc wizards
  An orc (Orc:2)
  2 fungi
  31 plants
  2 withered plants (Orc:2)
40 creatures vanquished.

Grand Total: 972 creatures vanquished

Notes
Turn   | Place    | Note
-------+----------+-------------------------------------------
     0 | D:1      | Bapho the Minotaur Berserker began the quest for the Orb.
     0 | D:1      | Reached XP level 1. HP: 19/19 MP: 0/0
   228 | D:1      | Reached XP level 2. HP: 27/27 MP: 1/1
   237 | D:1      | Reached skill level 4 in Axes
   907 | D:2      | Reached XP level 3. HP: 22/33 MP: 2/2
  1245 | D:2      | Reached ** piety under Trog
  1857 | D:3      | Reached XP level 4. HP: 38/40 MP: 3/3
  2294 | D:3      | Reached skill level 5 in Axes
  2299 | D:3      | Reached XP level 5. HP: 47/47 MP: 4/4
  2820 | D:3      | Reached *** piety under Trog
  2976 | D:4      | Reached XP level 6. HP: 51/55 MP: 5/5
  3047 | D:4      | Reached skill level 6 in Axes
  3203 | D:4      | Found a glowing drain.
  3219 | Sewer    | Entered a sewer
  3311 | Sewer    | Reached skill level 5 in Fighting
  3703 | Sewer    | Reached **** piety under Trog
  4094 | D:5      | Entered Level 5 of the Dungeon
  4347 | D:5      | Reached XP level 7. HP: 50/61 MP: 6/6
  4888 | D:5      | Reached skill level 7 in Axes
  4966 | D:6      | Reached skill level 5 in Armour
  5375 | D:6      | Found a staircase to the Ecumenical Temple.
  5375 | D:6      | Noticed Maggie
  5398 | D:6      | Killed Maggie
  5398 | D:6      | Reached skill level 8 in Axes
  5398 | D:6      | Reached skill level 5 in Dodging
  5398 | D:6      | Reached XP level 8. HP: 59/71 MP: 7/7
  5529 | D:6      | Found Xaffiv's Food Shop.
  5557 | D:6      | Reached skill level 9 in Axes
  5809 | D:6      | Found a sparkling altar of Nemelex Xobeh.
  6163 | D:6      | Reached ***** piety under Trog
  6385 | D:7      | Reached XP level 9. HP: 79/79 MP: 8/8
  6587 | D:7      | Reached skill level 10 in Axes
  6895 | D:7      | Noticed Pikel
  6906 | D:7      | Killed Pikel
  7290 | D:8      | Noticed Harold
  7299 | D:8      | Killed Harold
  7299 | D:8      | Reached skill level 11 in Axes
  7301 | D:8      | Reached XP level 10. HP: 90/90 MP: 9/9
  7586 | D:8      | Received a gift from Trog
  7779 | D:8      | Noticed a two-headed ogre
  7784 | D:8      | Killed a two-headed ogre
  7784 | D:8      | Reached skill level 12 in Axes
  8140 | D:9      | Found a white marble altar of Elyvilon.
  8267 | D:9      | Found a runed translucent door.
  8279 | D:9      | Noticed Aggronaut's ghost (journeyman HOBe)
  8287 | D:9      | Identified the +3 trident of Zairiwn {venom, Dex+2}
  8468 | D:9      | Found a shadowy altar of Dithmenos.
  8991 | D:9      | Reached XP level 11. HP: 78/99 MP: 10/10
  8994 | D:9      | Reached skill level 13 in Axes
  9202 | D:10     | Entered Level 10 of the Dungeon
  9345 | D:10     | Reached skill level 10 in Fighting
 10253 | D:11     | Found a runed translucent door.
 10601 | D:11     | Noticed a frost giant
 10601 | D:11     | Noticed DungeonDestroyer's ghost (journeyman GnFi)
 10752 | D:11     | Reached skill level 10 in Armour
 10861 | D:11     | Found the +5 scythe "Finisher" {speed, eviscerate}
 11041 | D:11     | Found Tucruaka's General Store.
 11046 | D:11     | Noticed a purple ugly thing
 11055 | D:11     | Killed a purple ugly thing
 11144 | D:11     | Noticed a death yak
 11151 | D:11     | Noticed a death yak
 11153 | D:11     | Noticed a death yak
 11156 | D:11     | Killed a death yak
 11156 | D:11     | Reached ****** piety under Trog
 11156 | D:11     | Reached skill level 14 in Axes
 11160 | D:11     | Killed a death yak
 11165 | D:11     | Killed a death yak
 11166 | D:11     | Found a staircase to the Lair.
 11284 | D:11     | Bought a scroll of identify for 22 gold pieces
 11284 | D:11     | Bought a scroll of identify for 22 gold pieces
 11558 | D:11     | Killed DungeonDestroyer's ghost
 11563 | D:11     | Killed a frost giant
 11563 | D:11     | Reached XP level 12. HP: 101/110 MP: 11/11
 11772 | Lair:1   | Entered Level 1 of the Lair of Beasts
 11793 | Lair:1   | Found a frozen archway.
 11801 | Lair:1   | Reached skill level 10 in Dodging
 11805 | IceCv    | Entered an ice cave
 12378 | IceCv    | Received a gift from Trog
 12408 | IceCv    | Reached skill level 15 in Axes
 12767 | IceCv    | Noticed a frost giant
 12767 | IceCv    | Noticed a death yak
 12783 | IceCv    | Killed a death yak
 12793 | IceCv    | Killed a frost giant
 12807 | IceCv    | Reached skill level 16 in Axes
 13574 | Lair:1   | Reached skill level 1 in Crossbows
 13628 | Lair:1   | Reached XP level 13. HP: 118/118 MP: 12/12
 13733 | Lair:1   | You fall into a shaft and drop 1 floor!
 14589 | Lair:2   | Reached skill level 5 in Crossbows
 14981 | Lair:2   | Found a staircase to the Swamp.
 15905 | Lair:3   | Found a staircase to the Snake Pit.
 16682 | Lair:4   | Found a gate leading to a gauntlet.
 16691 | Gauntlet | Entered a Gauntlet
 16691 | Gauntlet | Found a transporter.
 16699 | Gauntlet | Found a transporter.
 16701 | Gauntlet | Found a transporter.
 16709 | Gauntlet | Found a transporter.
 16711 | Gauntlet | Found a transporter.
 16720 | Gauntlet | Found a transporter.
 16720 | Gauntlet | Noticed a cacodemon
 16733 | Gauntlet | Noticed an entropy weaver
 16735 | Gauntlet | Found a runed translucent gate.
 16736 | Gauntlet | Found a transporter.
 16736 | Gauntlet | Found a runed translucent gate.
 16737 | Gauntlet | Found a runed translucent gate.
 16746 | Gauntlet | Found a transporter.
 16756 | Gauntlet | Found a transporter.
 16768 | Gauntlet | Found a transporter.
 16768 | Gauntlet | Found a transporter.
 16782 | Gauntlet | Found a transporter.
 16792 | Gauntlet | Found a transporter.
 16795 | Gauntlet | Found a transporter.
 16869 | Gauntlet | Received a gift from Trog
 16966 | Gauntlet | Got a steaming silver ring
 16984 | Gauntlet | Identified the ring "Huolaofo" {Int+4 Stlth+} (You found it
                  | in a Gauntlet)
 17012 | Gauntlet | Got a pair of twisted boots
 17034 | Gauntlet | Identified the +2 pair of boots of Indemnity {Harm rF+}
                  | (You found it in a Gauntlet)
 17068 | Gauntlet | Identified the +10 shortbow of Antique Tortfeasance
                  | {vorpal, rC+ Int+2}
 17068 | Gauntlet | Noticed a minotaur
 17078 | Gauntlet | Killed a minotaur
 17156 | Lair:4   | Noticed Snorg
 17167 | Lair:4   | Killed Snorg
 17594 | Lair:4   | Reached skill level 10 in Crossbows
 18615 | Lair:5   | Noticed Sonja
 18899 | Lair:5   | Killed Sonja
 19387 | Lair:5   | Found a staircase to the Slime Pits.
 19446 | Lair:5   | Reached XP level 14. HP: 126/126 MP: 13/13
 20395 | Lair:6   | Entered Level 6 of the Lair of Beasts
 20474 | Lair:6   | Received a gift from Trog
 21169 | Lair:6   | Reached skill level 15 in Crossbows
 21588 | Lair:6   | Identified 3 scrolls of acquirement
 21589 | Lair:6   | Got the amulet "Meacucy" {Reflect rC++ rN++ SH+5 Stlth-}
 21600 | Lair:6   | Got the ring of Ozunn {rElec rF+ rN+++ MR- Str+6}
 22433 | D:12     | Received a gift from Trog
 22434 | D:12     | Found the +14 obsidian axe {vorpal, +Fly SInv *Curse}
 22639 | D:12     | Found a staircase to the Orcish Mines.
 22639 | D:12     | Found Nonle's Magic Scroll Emporium.
 22856 | D:12     | Bought a scroll of blinking for 90 gold pieces
 23372 | Orc:1    | Entered Level 1 of the Orcish Mines
 23406 | Orc:2    | Entered Level 2 of the Orcish Mines
 23428 | Orc:1    | Reached XP level 15. HP: 96/133 MP: 14/14
 23582 | Orc:2    | Found a runed translucent door.
 23585 | Orc:2    | Noticed waddelsworth's ghost (adept MiBe)
 23609 | Orc:2    | Found a staircase to the Elven Halls.
 23990 | Orc:2    | Paralysed by an orc sorcerer for 5 turns
 24022 | Orc:2    | Found Ysuy's Distillery.
 24023 | Orc:2    | Paralysed by an orc sorcerer for 3 turns
 24044 | Orc:2    | Bought a potion of resistance for 140 gold pieces
 24057 | Orc:2    | Found an ancient bone altar of Kikubaaqudgha.
 24058 | Orc:2    | Received a gift from Trog
 24060 | Orc:2    | Noticed Nergalle
 24063 | Orc:2    | Noticed Jorgrun
 24075 | Orc:2    | Killed Jorgrun
 24084 | Orc:2    | Killed Nergalle
 24224 | Orc:2    | Found Ziaku's Gadget Boutique.
 24242 | Orc:2    | Noticed Erolcha
 24244 | Orc:2    | Killed Erolcha
 24253 | Orc:2    | Found a roughly hewn altar of Beogh.
 24253 | Orc:2    | Found Farghui's Antique Armour Boutique.
 24281 | Orc:2    | Found Roewoh's Gadget Shop.
 24358 | Orc:2    | Found a radiant altar of Vehumet.
 24695 | Orc:1    | Reached skill level 17 in Axes
 24714 | Orc:1    | You fall into a shaft and drop 1 floor!
 24797 | Orc:1    | Received a gift from Trog
 24802 | Orc:1    | Noticed Urug
 24819 | Orc:1    | Killed Urug
 25555 | D:13     | Noticed Kirke
 25574 | D:13     | Killed Kirke
 26772 | D:14     | Received a gift from Trog
 26780 | D:14     | Reached skill level 18 in Axes
 26959 | D:14     | Found a gate to the Vaults.
 27007 | D:14     | Found Aneithao's Gadget Boutique.
 27557 | D:15     | Entered Level 15 of the Dungeon
 28008 | D:15     | Reached XP level 16. HP: 135/139 MP: 13/15
 28294 | D:15     | Received a gift from Trog
 28523 | D:15     | Found a staircase to the Depths.
 28547 | D:15     | Reached skill level 19 in Axes
 29487 | Snake:1  | Entered Level 1 of the Snake Pit
 29692 | Snake:1  | Found Zeeg's Antique Armour Shop.
 29713 | Snake:1  | Identified Roxanne's Incunabulum of Transmigration
 29713 | Snake:1  | Noticed Roxanne
 29732 | Snake:1  | Killed Roxanne
 32202 | Snake:2  | Received a gift from Trog
 32226 | Snake:2  | Got a steaming battleaxe {god gift}
 32227 | Snake:2  | Lost intelligence.
 32227 | Snake:2  | Identified the +10 battleaxe of Execution {vorpal, +Fly
                  | rPois rC+++ Int-4} (Trog gifted it to you on level 2 of the
                  | Snake Pit)
 32377 | Snake:2  | Noticed Vashnia
 32850 | Snake:2  | Shot with an arrow by a naga sharpshooter

Illustrated notes

Levels and vault maps discovered:
D:1:      dpeg_arrival_shelter, layout_basic
D:2:      layout_loops_cross, first_ration
D:3:      layout_basic, minivault_23, minmay_misc_feat_tiny
D:4:      layout_gridville, cheibrodos_sewer_entry_drain
D:5:      layout_gridville
D:6:      layout_basic, minmay_temple_entry_ruins, serial_shops,
          nicolae_shop_statue_plus, nemelex_diamond_rough_becter, uniq_maggie
D:7:      layout_loops_corners, uniq_pikel
D:8:      layout_basic, grunt_ogre_cave, uniq_harold
D:9:      layout_roguey, nicolae_dithmenos_the_darkroom, basic_altar,
          ebering_ghost_funeral_grove
D:10:     layout_stronghold
D:11:     layout_basic, dpeg_lair_monsters, ebering_ghost_inner_flame,
          serial_shops, nicolae_shop_stone, minmay_guarded_unrand_finisher
D:12:     layout_stronghold, serial_shops, nicolae_shop_statue_plus,
          minmay_misc_feat_columns, evilmike_butchery
D:13:     layout_irregular_city, uniq_kirke
D:14:     layout_irregular_city, lightli_vaults_fourway_checkpoint,
          minmay_misc_feat_chi, serial_shops, shop_fountains,
          kennysheep_generic_room_15
D:15:     grunt_enter_depths_magical_seal, layout_grid_maze, special_room
          [special_room_orc], nrook_campfire
Lair:1:   layout_chaotic_city, portal_ice_cave_entry_pillars_1,
          grunt_megastairs_4
Lair:2:   layout_misc_corridors, nicolae_swamp_entry_splash_gauntlet,
          eino_house_with_fridge
Lair:3:   layout_long_grid, guppyfry_snake_entry_garden
Lair:4:   layout_roguey, gauntlet_entry_generic, nzn_random_ring, uniq_snorg
Lair:5:   mu_elephants_graveyard, layout_misc_corridors, slime_dummy, uniq_sonja
Lair:6:   minmay_lair_end_enchanted_forest, layout_cellular_growth,
          serial_forest, infiniplex_forest_clump_cross,
          infiniplex_forest_clump_diagonal, infiniplex_forest_straight_4,
          infiniplex_forest_clump_diagonal, infiniplex_forest_lined_corner
Snake:1:  layout_chambers, serial_shops, shop, uniq_roxanne
Snake:2:  layout_misc_corridors, grunt_megastairs_1, uniq_vashnia
Orc:1:    layout_diamond_mine, guppyfry_library_mini, uniq_urug
Orc:2:    kennysheep_orc_mage_school, layout_caves, gammafunk_ghost_grave,
          uniq_jorgrun

Skill      XL: |  1  2  3  4  5  6  7  8  9 10 11 12 13 14 15 16 |
---------------+-------------------------------------------------+-----
Axes           | 4 5 6 8 9 11 12 14 16 18 19 | 19.8
Fighting       | 4 5 6 7 8 9 11 12 13 | 13.3
Armour         | 3 4 5 6 8 9 10 12 13 | 13.0
Dodging        | 3 4 5 6 7 8 9 11 12 | 12.0
Crossbows      | 2 12 16 17 18 | 18.0

Action                   |  1- 3 |  4- 6 |  7- 9 | 10-12 | 13-15 | 16-18 || total
-------------------------+-------+-------+-------+-------+-------+-------++-------
Melee: Hand axe          |    83 |   189 |   144 |       |       |       ||   416
       Headbutt          |    10 |    28 |    44 |    85 |   146 |    66 ||   379
       War axe           |       |       |    55 |    27 |       |       ||    82
       Battleaxe         |       |       |       |   376 |   627 |   265 ||  1268
       Unarmed           |       |       |       |       |    12 |       ||    12
 Fire: Arbalest          |       |       |    11 |   176 |   584 |    63 ||   834
Throw: Stone             |    20 |    37 |   107 |    52 |    92 |    73 ||   381
       Boomerang         |    25 |    81 |       |       |       |       ||   106
Invok: Berserk           |       |     2 |     2 |    10 |    16 |     2 ||    32
       Trog's Hand       |       |       |       |       |     1 |     1 ||     2
       Brothers in Arms  |       |       |       |       |     1 |       ||     1
  Use: Scroll            |       |     5 |       |    12 |    12 |     2 ||    31
       Potion            |       |     3 |       |       |       |       ||     3
  Eat: Chunk             |     3 |    10 |    10 |    30 |    51 |     6 ||   110
       Ration            |       |       |       |       |     3 |     3 ||     6
Armor: Plate armour      |    54 |    28 |       |       |       |       ||    82
       Quicksilver drago |       |    49 |    80 |   175 |   165 |       ||   469
       Crystal plate arm |       |       |       |       |   163 |   166 ||   329
Dodge: Dodged            |    25 |    95 |   104 |   432 |   697 |   159 ||  1512
Block: Other             |       |       |       |       |    71 |    66 ||   137
       Reflection        |       |       |       |       |    15 |    13 ||    28
